[Event "Early-Titled-Tuesday-Blitz-September-26-2023"]
[Site "Chess.com"]
[Date "2023.09.26"]
[Round "4"]
[White "Hrant_ChessMood"]
[Black "Witik"]
[Result "0-1"]
[WhiteElo "2905"]
[BlackElo "2763"]
[TimeControl "180+1"]
[EndTime "8:40:52 PDT"]
[Termination "Witik won on time"]

1. d4 Nf6 2. c4 e6 3. Bf4 Bb4+ 4.
Nc3 b6 5. e3 Bb7 6. Ne2 Nh5 7.
Rc1 O-O 8. a3 Be7 9. h3 Nxf4 10.
Nxf4 Bg5 11. Nd3 d6 12. d5 Nd7 13. h4 Bh6 14. g3 exd5 15. cxd5 Re8 16. Bg2 Nc5 17.
O-O a5 18. b4 axb4 19. axb4 Nxd3 20. Qxd3 Ba6 21. b5 Bc8 22. Ra1 Bg4 23. Ra6 g6 24. Rfa1 Rb8 25. R1a4 Bf5 26. Be4 Bd7 27. Ra7 Bg7 28. Ne2 Rc8 29. Kg2 Qf6 30. Nd4 h5 31. Bf3 g5 32. hxg5 Qxg5 33. Ne2 Bf5 34. e4 Bg6 35. Nf4 h4 36. Rc4 hxg3 37. fxg3 Be5 38. Qe3 Re7 39. Rc2 Bh7 40. Qd2 Kh8 41. Ne2 Qg7 42.
Qe3 Rg8 43. Qf2 f5 44. exf5 Bxf5 45. Rc4 Qh6 46. Kf1 Rh7 47. Rh4 Qd2 48. Rxh7+ Bxh7 49. Rxc7 Rf8 50. Kg2 Qg5 51. Qg1 Rg8 52. Qh2 Rg7 53.
Qh3 Rxc7 54. Qe6 Re7 55. Qc8+ Kg7 56. Qc6 Bf5 57. Qxb6 Bd3 58. Qf2 Bxe2 59. Bxe2 Bxg3 60. Qf3 Bf4+ 61. Kh3 Re8 0-1

[Event "Early-Titled-Tuesday-Blitz-September-26-2023"]
[Site "Chess.com"]
[Date "2023.09.26"]
[Round "4"]
[White "gueraumasague"]
[Black "giomar27"]
[Result "0-1"]
[WhiteElo "2467"]
[BlackElo "2274"]
[TimeControl "180+1"]
[EndTime "8:40:53 PDT"]
[Termination "giomar27 won by resignation"]

1. e4 e5 2. Nc3 Nf6 3. f4 d5 4.
fxe5 Nxe4 5. Qf3 Nc6 6. Bb5 Nxc3 7. dxc3 Qh4+ 8. g3 Qe4+ 9. Qxe4 dxe4 10. Bxc6+ bxc6 11. Be3 g6 12. Ne2 Bg7 13. Bd4 Ba6 14. Nc1 O-O-O 15.
Nb3 Rhe8 16. Nc5 Bc4 17. b3 Bd5 18. e6 Bxd4 19. cxd4 f5 20. Ke2 Bxe6 21. Ke3 Bg8 22. Rhf1 h5 23. a4 Rd6 24. a5 Red8 25. c3 Rd5 26. b4 Re8 27. a6 Kd8 28. c4 Rxc5 29. bxc5 Bxc4 30. Rfc1 Bd3 31. Rc3 Kd7 32. Rb3 Bb5 33.
d5 g5 34. Rd1 Bxa6 35. Ra3 Bd3 36. dxc6+ Kxc6 37. Rxa7 Rf8 38. Rxd3 exd3 39. Kxd3 Rf7 40. Kd4 Rd7+ 41. Kc4 Rd2 42. Ra6+ Kb7 43. Rg6 Rxh2 44. Rxg5 h4 45. gxh4 Rxh4+ 46. Kd5 Rf4 47. Rg7 Rf1 48. Rf7 Rd1+ 49. Kc4 Rc1+ 50. Kd5 Rf1 51. Rf6 f4 52. Ke4 f3 53. Ke3 c6 54. Rf7+ Ka6 55. Kd4 Rd1+ 56. Ke3 Kb5 57. Rxf3 Kxc5 58. Ke2 Rd5 59. Rc3+ Kb5 60.
Rd3 Rxd3 61. Kxd3 Kb4 62. Kd2 Kb3 63. Kc1 c5 64. Kd1 c4 65. Kc1 Kc3 66. Kb1 Kd2 0-1

[Event "Early-Titled-Tuesday-Blitz-September-26-2023"]
[Site "Chess.com"]
[Date "2023.09.26"]
[Round "4"]
[White "Bilan_Danila"]
[Black "Khromkin"]
[Result "0-1"]
[WhiteElo "2517"]
[BlackElo "2361"]
[TimeControl "180+1"]
[EndTime "8:40:54 PDT"]
[Termination "Khromkin won by checkmate"]

1. d4 d5 2. Nf3 a6 3. Bf4 c5 4. e3 Nc6 5. c3 Bg4 6. Nbd2 e6 7.
h3 Bh5 8. Be2 Bd6 9. O-O Bxf4 10.
exf4 cxd4 11. cxd4 Nge7 12. Nb3 Bxf3 13. Bxf3 Nf5 14.
Bg4 Qf6 15. Bxf5 Qxf5 16. Qd2 O-O 17. Rac1 Rfc8 18. Nc5 Qf6 19. Nd7 Qxd4 20. Rfd1 Qxd2 21. Rxd2 Ne7 22. Re1 Rc6 23. Ne5 Rc7 24. g4 g6 25. g5 Rac8 26. Ng4 Rc1 27. Nf6+ Kg7 28. Rxc1 Rxc1+ 29. Kg2 Nf5 30. Rd3 Nd6 31. Rb3 b5 32. a4 Rc4 33. axb5 Nxb5 34. Kg3 Nd6 35. Rb8 Ne4+ 36.
Nxe4 Rxe4 37. Ra8 Rb4 38. f3 Rxb2 39. Rxa6 h5 40. h4 d4 41. Rd6 Rd2 42. f5 gxf5 43.
Kf4 Rh2 44. Kg3 Rd2 45. Kf4 Rd3 46. Rd8 f6 47. Rd7+ Kg6 48. Rd6 e5+ 49. Kg3 e4 50. Rxf6+ Kg7 51. Rxf5 e3 52. Re5 Rd2 53. f4 e2 54. f5 d3 55. f6+ Kf8 56. Re7 Rd1 57. g6 e1=Q+ 58. Rxe1 Rxe1 59. Kf4 d2 60. Kg5 d1=Q 61.
Kh6 Rg1 62. Kh7 Rxg6 63. f7 Rg7+ 64. Kh8 Rh7+ 65. Kxh7 Qg4 66. Kh8 Qg7# 0-1

[Event "Early-Titled-Tuesday-Blitz-September-26-2023"]
[Site "Chess.com"]
[Date "2023.09.26"]
[Round "4"]
[White "MFatigue"]
[Black "Javylavilla"]
[Result "0-1"]
[WhiteElo "2495"]
[BlackElo "2327"]
[TimeControl "180+1"]
[EndTime "8:40:57 PDT"]
[Termination "Javylavilla won by resignation"]

1. e4 e6 2. d4 d5 3. Nc3 Bb4 4. e5 c5 5. a3 Bxc3+ 6. bxc3 Qa5 7. Bd2 Qc7 8. Qg4 Ne7 9. Qxg7 Rg8 10. Qxh7 Nbc6 11.
Ne2 Bd7 12. f4 cxd4 13. cxd4 O-O-O 14. Qd3 Kb8 15. g3 Na5 16. Bxa5 Qxa5+ 17. Qd2 Qc7 18. c3 Bb5 19. a4 Bc4 20. Rg1 Nc6 21. g4 Na5 22. Nc1 Bxf1 23. Kxf1 Qc4+ 24. Ne2 Nb3 25. Qa2 Nxa1 26. Qxa1 Qd3 27. Rg3 Qe4 28. Kf2 Rdf8 29. Qc1 f6 30. h4 fxe5 31. dxe5 Qxe5 32. Qe3 Qd6 33. Kg2 Qc6 34. Qf3 Qxa4 35. h5 e5 36.
f5 e4 37. Qf4+ Kc8 38. h6 Qa6 39. Nd4 Qa2+ 40. Kh3 Rh8 41. g5 Qb1 42. Kh4 Qh1+ 43.
Rh3 Qe1+ 44. Kh5 Qd1+ 45. Qg4 Qd2 46. Ne6 Rf6 47. Qf4 Qe2+ 48. Kh4 Qe1+ 49. Rg3 Qh1+ 50. Kg4 Rf7 51. Qd6 Qd1+ 52. Kf4 Qf1+ 53. Ke5 Qxf5+ 54. Kd4 Qf2+ 55. Kxd5 Rd7 56. Qxd7+ Kxd7 57. Rg4 Qd2+ 58. Ke5 Qd6+ 59. Kxe4 Qxe6+ 60. Kf4 Rf8+ 61. Kg3 Qe3+ 62. Kh4 Qf2+ 63. Kh5 Qh2+ 64. Rh4 Qe2+ 65. Kg6 Qe6+ 66.
Kh5 Rg8 67. h7 Qg6+ 68. Kg4 Qxg5+ 69. Kf3 Rf8+ 0-1

[Event "Early-Titled-Tuesday-Blitz-September-26-2023"]
[Site "Chess.com"]
[Date "2023.09.26"]
[Round "4"]
[White "Vesper2018"]
[Black "MatthewG-p4p"]
[Result "1/2-1/2"]
[WhiteElo "2587"]
[BlackElo "2811"]
[TimeControl "180+1"]
[EndTime "8:40:59 PDT"]
[Termination "Game drawn by repetition"]

1. e4 e6 2. d4 d5 3. e5 c5 4. c3 Qb6 5. Nf3 Nc6 6. a3 Nh6 7. b4 cxd4 8. cxd4 Nf5 9. Bb2 Bd7 10. Nc3 Na5 11. Na4 Qc6 12. Nc5 Nc4 13. Bxc4 dxc4 14. d5 exd5 15. g4 Nh6 16. Nd4 Qc7 17. e6 fxe6 18.
Ndxe6 Bxe6 19. Nxe6 Qd7 20. Qe2 Kf7 21. Ng5+ Kg8 22. O-O-O Re8 23. Qf3 Be7 24. Rxd5 Qxg4 25. Qxg4 Nxg4 26. Rg1 Nf6 27. Re5 h6 28. Ne6 Rh7 29.
f4 Bd6 30. Re2 g5 31. Bxf6 Kf7 32. Nd8+ Kf8 33. Rxe8+ Kxe8 34. Re1+ Kd7 35. fxg5 hxg5 36. Bxg5 Rxh2 37. Ne6 Ra2 38. Nd4 Rxa3 39. Nc2 Rd3 40. Rd1 Kc6 41. b5+ Kxb5 42. Rxd3 cxd3 43. Nd4+ Kc4 44.
Nf3 b5 45. Nd2+ Kd4 46. Bf6+ Kd5 47. Nb3 Kc4 48. Nd2+ Kd5 49. Nb3 Bf4+ 50. Kd1 Kc4 51. Nd2+ Kb4 52. Ne4 a5 53. Bc3+ Ka4 54. Nc5+ Ka3 55.
Bxa5 d2 56. Nd3 Be3 57. Bc3 Kb3 58. Bxd2 Bxd2 59. Kxd2 Kc4 60. Nb2+ Kb3 61. Nd3 Kc4 62. Nb2+ Kd4 63. Nd3 Kc4 1/2-1/2

[Event "Early-Titled-Tuesday-Blitz-September-26-2023"]
[Site "Chess.com"]
[Date "2023.09.26"]
[Round "4"]
[White "Rital44"]
[Black "MMAHDI2013"]
[Result "0-1"]
[WhiteElo "2540"]
[BlackElo "2296"]
[TimeControl "180+1"]
[EndTime "8:40:59 PDT"]
[Termination "MMAHDI2013 won on time"]

1. d4 Nf6 2. c4 e6 3. g4 Nxg4 4. e4 f5 5. Nc3 Qh4 6. Qe2 Bb4 7. Nf3 Qh5 8. e5 O-O 9. a3 Bxc3+ 10.
bxc3 b6 11. h3 Bb7 12. Rg1 Nh6 13. Bg2 Kh8 14. Bd2 Nc6 15. O-O-O Na5 16. Kb1 Ba6 17.
Bh1 Bxc4 18. Qe1 Bd5 19. Rg5 Qe8 20. Qg1 Rg8 21. Qh2 Nc4 22. Bc1 d6 23. Nd2 Qb5+ 24.
Ka1 Nxd2 25. Rxd2 Qc4 26. Bxd5 Qxc3+ 27. Bb2 Qxd2 28. Bxa8 Qxg5 29. Bc6 d5 30. f4 Qg6 31. Qc2 Qh5 32. Bd7 Qf7 33. Qxc7 Qe7 34. Qd6 Qxd6 35.
exd6 Rd8 36. Bxe6 Rxd6 37. Bc8 Rc6 38. Bb7 Rc7 39. Bxd5 Nf7 40. Be6 Nd6 41. d5 h6 42.
Be5 Ne8 43. d6 Rc1+ 44. Kb2 Rd1 45. d7 Nf6 46. Bc7 Nxd7 47. Kc2 Rd4 48. Kc3 Rd1 49. Kc2 Nc5 50. Bxf5 Rf1 51. Bg4 Rf2+ 52. Kc3 g6 53.
Kb4 h5 54. Be5+ Kg8 55. Bc8 Rf3 56. Kb5 Rxa3 57. Kc6 Kf8 58. Bd6+ Kf7 59. f5 Rc3 60. Kd5 Na4 0-1

[Event "Early-Titled-Tuesday-Blitz-September-26-2023"]
[Site "Chess.com"]
[Date "2023.09.26"]
[Round "4"]
[White "crazyluzhinTh3"]
[Black "ljm509"]
[Result "1-0"]
[WhiteElo "2516"]
[BlackElo "2313"]
[TimeControl "180+1"]
[EndTime "8:41:01 PDT"]
[Termination "crazyluzhinTh3 won on time"]

1. e4 e6 2. d4 d5 3. Nc3 dxe4 4. Nxe4 Nd7 5. Bd3 Ngf6 6. Nf3 Nxe4 7. Bxe4 Nf6 8. Bd3 Be7 9. Qe2 a6 10. Bg5 h6 11. Bd2 c5 12. dxc5 Bxc5 13. O-O-O Qc7 14. Kb1 Bd7 15. Bc3 O-O-O 16. Ne5 Be8 17. Nc4 Bb5 18. Be5 Qc6 19. f4 Rhg8 20. Rhe1 Nd7 21. Bc3 Bxc4 22.
Bxc4 Kb8 23. g4 Nb6 24. Bb3 g5 25. fxg5 hxg5 26. Rf1 Rxd1+ 27. Qxd1 Qc7 28. Qf3 Qxh2 29. a4 Rf8 30. Bg7 Rd8 31. Qxf7 Nd5 32. Qxe6 Qd2 33.
c3 Qd3+ 34. Ka2 Qxf1 35. Bxd5 Qd3 36. Be5+ Ka7 37. Bc4 Qd7 38. Qxd7 Rxd7 39. Bf6 Be3 40. Kb3 Bf4 41. a5 Rd6 42. Bd4+ Kb8 43. Bf7 Rd8 44. Kc4 Rd7 45. Be6 Re7 46. Kd5 Rh7 47. b4 Rh2 48. Bf5 Re2 49. c4 Kc7 50. b5 Rd2 51.
Ke4 axb5 52. cxb5 Ra2 53. Bb6+ Kd6 54. Bc8 Rb2 55. Bxb7 Rxb5 56. Kd3 Rb3+ 57. Kc4 Ra3 58. a6 Ra4+ 59. Kb5 Ra1 60. Kc4 Rxa6 61. Bxa6 Ke5 62. Bc7+ Kf6 63. Bxf4 gxf4 64. Kd3 Kg5 65. Bc8 Kh4 66.
Ke2 Kg3 67. Kf1 Kh4 68. Kf2 Kg5 69. Kf3 1-0

[Event "Early-Titled-Tuesday-Blitz-September-26-2023"]
[Site "Chess.com"]
[Date "2023.09.26"]
[Round "4"]
[White "ChessArchitect64"]
[Black "Manukyan_Artak"]
[Result "1/2-1/2"]
[WhiteElo "2246"]
[BlackElo "2404"]
[TimeControl "180+1"]
[EndTime "8:41:04 PDT"]
[Termination "Game drawn - insufficient material"]

1. d4 d5 2. c4 dxc4 3. e3 e5 4. dxe5 Qxd1+ 5. Kxd1 Nc6 6. Bxc4 Nxe5 7. Be2 Bf5 8. Nf3 O-O-O+ 9. Ke1 Nd3+ 10. Bxd3 Bxd3 11. Nc3 Nf6 12. Bd2 Ne4 13. Nxe4 Bxe4 14. Bc3 f6 15. Rd1 Rxd1+ 16. Kxd1 c5 17. Ke2 Be7 18. Rd1 Kc7 19. Ne1 Rd8 20. Rxd8 Bxd8 21. f3 Bd5 22. b3 b5 23. e4 Be6 24. Nd3 c4 25. Nf4 Bf7 26. b4 Kc6 27. Ke3 Bb6+ 28. Ke2 Bc7 29. g3 Bd6 30. Ng2 a5 31. a3 axb4 32. axb4 Be6 33. Ne3 Bc7 34. f4 Bb6 35. f5 Bf7 36. g4 Kd6 37.
Kf3 Be8 38. Ng2 Bc6 39. Nf4 Ke7 40. h4 Bc7 41. Nh5 Kf7 42. g5 fxg5 43. hxg5 g6 44. fxg6+ Kxg6 45. Nf4+ Kf7 46. Nd5 Bxd5 47. exd5 Kg6 48.
Kg4 Bd6 49. Kh4 Be7 50. Bd2 h6 51. Kg4 hxg5 52. Bc3 Bf8 53. Bd2 Be7 54. Bc3 Bf6 55. Bd2 c3 56. Bc1 c2 57. d6 Kf7 58. Kf5 Bc3 59.
Bxg5 Bxb4 60. d7 Be7 61. Bc1 b4 62. Ke5 b3 63. Kd4 Bf6+ 64. Kd3 b2 65. Kxc2 bxc1=Q+ 66. Kxc1 Ke7 67. Kc2 Kxd7 1/2-1/2

[Event "Early-Titled-Tuesday-Blitz-September-26-2023"]
[Site "Chess.com"]
[Date "2023.09.26"]
[Round "4"]
[White "WPWPWP-2015"]
[Black "Jagerrmeisterr"]
[Result "1-0"]
[WhiteElo "2538"]
[BlackElo "2678"]
[TimeControl "180+1"]
[EndTime "8:41:08 PDT"]
[Termination "WPWPWP-2015 won by checkmate"]

1. e4 c6 2. d4 d5 3. e5 Bf5 4.
Nf3 e6 5. Be2 Bb4+ 6. c3 Ba5 7.
O-O Bc7 8. Nbd2 Nd7 9. a4 f6 10.
exf6 Ngxf6 11. b4 O-O 12. Re1 Qb8 13. Nf1 e5 14. c4 e4 15. Nh4 Be6 16. c5 Rf7 17. h3 Nf8 18. b5 h6 19. Bh5 Nxh5 20. Qxh5 Bf4 21. Ng6 Bxc1 22. Raxc1 Nxg6 23. Qxg6 Bf5 24. Qg3 Qe8 25. Ne3 Bd7 26. Rb1 h5 27. Qg5 Rf6 28.
bxc6 bxc6 29. Rb7 Rg6 30. Qf4 Bxh3 31. Reb1 Kh7 32. Rb8 Rxb8 33. Rxb8 Qe7 34. a5 h4 35. a6 Bxg2 36. Nxg2 h3 37. Qf5 hxg2 38. Rh8+ Kxh8 39. Qxg6 Qf6 40. Qe8+ Kh7 41. Qh5+ Qh6 42. Qf5+ Qg6 43. Qh3+ Qh6 44. Qf5+ g6 45. Qd7+ Qg7 46.
Qxc6 Qxd4 47. Kxg2 Qd3 48. Qc7+ Kh6 49. Qf4+ Kh5 50.
c6 g5 51. Qf7+ Kh6 52. Qf6+ Kh5 53. Qf7+ Kh6 54. Qf8+ Kg6 55. c7 e3 56. c8=Q Qe4+ 57. Qf3 Qe5 58. Qg8+ Kh6 59. Qgf8+ Kg6 60. Q8f7+ Kh6 61.
Q7f6+ Qxf6 62. Qxf6+ Kh5 63. Qf7+ Kg4 64. Qe6+ Kh4 65.
Qxe3 d4 66. Qe6 d3 67. f3 d2 68. Qg4# 1-0

[Event "Early-Titled-Tuesday-Blitz-September-26-2023"]
[Site "Chess.com"]
[Date "2023.09.26"]
[Round "4"]
[White "viktorgen2021"]
[Black "hsd2016"]
[Result "0-1"]
[WhiteElo "2467"]
[BlackElo "2288"]
[TimeControl "180+1"]
[EndTime "8:41:11 PDT"]
[Termination "hsd2016 won by resignation"]

1. d4 d5 2. c4 c6 3. Nc3 Nf6 4.
e3 g6 5. Nf3 Bg7 6. Be2 O-O 7. O-O Ne4 8. Bd2 Nxd2 9. Qxd2 Bg4 10. Rac1 dxc4 11. Rfd1 b5 12. h3 Bxf3 13. Bxf3 e6 14.
b3 b4 15. Ne4 c3 16. Qe2 Nd7 17. a3 a5 18. axb4 axb4 19. Ra1 Qb6 20. Nd6 Nf6 21. Nc4 Qc7 22. e4 Rfd8 23. Ne5 Rxa1 24. Rxa1 Rxd4 25. Nc4 Nd7 26. Ra8+ Nf8 27. e5 Rxc4 28. Qxc4 Qxe5 29. Kf1 Qd6 30. Ra1 c5 31. Rd1 Bd4 32. Kg1 Nd7 33.
Be4 Qf4 34. Qe2 Ne5 35. Bc2 h5 36. Ra1 Kg7 37. Re1 Nc6 38. Rf1 Ne7 39. Qd3 Nd5 40. Qe2 h4 41. Qd3 Nf6 42. Qe2 Nh5 43. Qg4 Qxg4 44.
hxg4 Nf6 45. g5 Nd5 46. Re1 Nf4 47. Kf1 h3 48. gxh3 Nxh3 49. Kg2 Nxg5 50. f4 Nh7 51. Kf3 Nf6 52. Ra1 Nd5 53. Ra7 Kf6 54. Rb7 Ne7 55. Ke4 Nf5 56. Ra7 Nd6+ 57. Kd3 Nf5 58. Ke4 Ne7 59. Ra6 Nd5 60. Kf3 g5 61. fxg5+ Kxg5 62.
Ra7 f5 63. Ra6 Kf6 64. Ke2 Ke5 65. Kf3 Ne3 66. Ra2 Nxc2 67. Rxc2 Kd5 68. Ke2 e5 69. Kd3 e4+ 70. Ke2 Ke5 71. Ra2 f4 72. Ra8 f3+ 73.
Kf1 e3 74. Re8+ Kd5 75. Rd8+ Ke5 76. Rf8 Kd5 77. Rxf3 Ke4 78. Rf8 Kd3 79. Ke1 c2 0-1

[Event "Early-Titled-Tuesday-Blitz-September-26-2023"]
[Site "Chess.com"]
[Date "2023.09.26"]
[Round "4"]
[White "Aygehovit1992"]
[Black "GeorgiosSouleidis"]
[Result "0-1"]
[WhiteElo "2702"]
[BlackElo "2553"]
[TimeControl "180+1"]
[EndTime "8:41:14 PDT"]
[Termination "GeorgiosSouleidis won on time"]

1. e4 c5 2. Nc3 e6 3. g3 a6 4. Bg2 b5 5. f4 Bb7 6. d3 d5 7. e5 b4 8. Nce2 Ne7 9. Nf3 h5 10. O-O Nf5 11. h3 Be7 12. c4 d4 13. Bd2 Qc7 14. Qe1 Nd7 15. Qf2 a5 16. a4 O-O-O 17. Ne1 Kb8 18. Bxb7 Qxb7 19. Qf3 Qxf3 20. Nxf3 Kb7 21.
Kg2 Rh7 22. g4 hxg4 23. hxg4 Nh4+ 24. Kg3 Nxf3 25. Kxf3 Rdh8 26. Ng3 Rh2 27. Rad1 R8h3 28. Rh1 Bh4 29. Rxh2 Rxh2 30. Ne4 Kc6 31. g5 f5 32.
exf6 gxf6 33. Be1 fxg5 34. fxg5 Ne5+ 35. Kf4 Ng6+ 36. Kg4 Bxe1 37. Rxe1 Rxb2 38. Nf6 Rg2+ 39. Kh5 Nf4+ 40. Kh6 Kd6 41. Ne4+ Kc6 42. Nf6 b3 43. Rb1 b2 44. Ne4 Nxd3 45. g6 Rh2+ 46. Kg5 Rg2+ 47. Kf6 Nf4 48. Ng5 Nxg6 49. Kxg6 d3 50. Kf6 Rc2 51.
Ne4 d2 52. Nxd2 Rxd2 53. Kxe6 Rc2 54. Ke5 Rxc4 55. Rxb2 Rxa4 56. Rb8 Rd4 57. Ra8 Kb5 58. Rb8+ Kc4 59. Ra8 Kb4 60. Rb8+ Ka4 61. Rc8 Rc4 62. Kd5 Rc1 63. Rb8 Ka3 64. Rb5 a4 65. Ke4 Ka2 66. Kd3 a3 67. Rb8 Ka1 68. Kd2 Rc4 69. Rb7 a2 70. Rh7 Kb2 71. Rb7+ Rb4 72. Ra7 a1=Q 0-1

[Event "Early-Titled-Tuesday-Blitz-September-26-2023"]
[Site "Chess.com"]
[Date "2023.09.26"]
[Round "4"]
[White "FGHSMN"]
[Black "lolo9292"]
[Result "1-0"]
[WhiteElo "2860"]
[BlackElo "2192"]
[TimeControl "180+1"]
[EndTime "8:41:14 PDT"]
[Termination "FGHSMN won by resignation"]

1. e4 e5 2. Nf3 Nc6 3. d4 exd4 4. Nxd4 Nf6 5. Nxc6 bxc6 6. Nd2 Bc5 7. Nb3 Bb6 8.
e5 Qe7 9. Qe2 Ng8 10. g3 f6 11.
Bf4 fxe5 12. Bxe5 Nf6 13. Bxf6 gxf6 14. c4 Qxe2+ 15. Bxe2 a5 16. O-O-O d6 17. Bf3 Bd7 18. Nd4 O-O-O 19. Bxc6 Bxc6 20. Nxc6 Rde8 21. Rd2 Re4 22. b3 Kb7 23. f3 Re3 24. Nd4 a4 25. Kb2 Ba5 26. Rc2 Rd3 27. Nb5 c6 28. Na3 Rb8 29. c5 d5 30. Nb1 axb3 31. axb3 Kc7 32. Re2 Rdxb3+ 33. Ka2 Kd7 34. Rd1 Rxf3 35. Rd4 Bc3 36. Nxc3 Rxc3 37. Rh4 Rxc5 38. Rxh7+ Kd6 39. Rhe7 Ra8+ 40.
Kb3 Rb5+ 41. Kc3 Ra3+ 42. Kd2 Ra2+ 43. Ke1 Rb1+ 44. Kf2 Rxe2+ 45. Rxe2 c5 46. h4 c4 47. Re8 Rh1 48. Kg2 Rd1 49. h5 c3 50. Rc8 Rd2+ 51. Kh3 d4 52. h6 Rd1 53. Kg2 Rd2+ 54. Kh3 c2 55. h7 d3 56. h8=Q Rf2 57. Qd8+ Ke5 58.
Rc5+ Ke4 59. Qe7+ Kd4 60. Qd6+ Ke3 61. Rc3 Rd2 62. Qf4+ Ke2 63. Qe4+ Kd1 64. Qf3+ Ke1 65. Qxf6 Re2 66. Qf4 Kd1 67. Rxd3+ Ke1 68. Rc3 Rd2 69. g4 Kd1 70. Qxd2+ Kxd2 71. Rxc2+ Kxc2 72. g5 Kd3 73. g6 Kc3 74. g7 Kb4 75. g8=Q 1-0

[Event "Early-Titled-Tuesday-Blitz-September-26-2023"]
[Site "Chess.com"]
[Date "2023.09.26"]
[Round "4"]
[White "PeshkaCh"]
[Black "jcibarra"]
[Result "1/2-1/2"]
[WhiteElo "2808"]
[BlackElo "2947"]
[TimeControl "180+1"]
[EndTime "8:41:21 PDT"]
[Termination "Game drawn by repetition"]

1. Nf3 d6 2. d4 Nf6 3. c4 g6 4. g3 Bf5 5. Nc3 Ne4 6. Nxe4 Bxe4 7. Bg2 Bg7 8. O-O O-O 9. b3 c5 10. Bb2 Nc6 11. e3 d5 12. Qe2 dxc4 13. bxc4 cxd4 14. exd4 Bxf3 15. Bxf3 Nxd4 16. Bxd4 Bxd4 17. Bxb7 Rb8 18. Rab1 e6 19. Rfd1 Qf6 20. Bf3 Rfc8 21. Kg2 Kg7 22. h4 h5 23. Rxb8 Rxb8 24. Qd3 Bc5 25. Rb1 Rxb1 26.
Qxb1 Qc3 27. Qe4 Qb2 28. Qe2 Qc3 29. Bc6 a5 30. a4 Kf8 31. Bb5 Ke7 32. Qf3 Qd4 33.
Qb7+ Kf8 34. Qa8+ Kg7 35. Qf3 f5 36. Qf4 Qxf4 37. gxf4 Kf7 38. Kg3 Ke7 39. Bc6 Bb4 40. Bb5 Bc3 41. Bc6 Bd4 42. Bb5 Kf7 43. Bc6 Kf6 44. Bb5 Bc5 45. Bc6 Bd6 46. Bb5 Bc7 47. Bc6 e5 48. fxe5+ Kxe5 49. Be8 Kf6+ 50. Kh3 Bd6 51. f3 Bc5 52. Kg2 Bb4 53. Kh3 Bc5 54. Kg3 Kg7 55. Kh3 Bf2 56. Bd7 Kf7 57. Bc6 Ke7 58.
Bb5 Be1 59. Bc6 Kf6 60. Be8 Bf2 61. Bd7 Kf7 62. Bb5 Kg7 63. Be8 Kh6 64. Bd7 Be3 65. Be8 Bc5 66. Bd7 g5 67. Bxf5 gxh4 68. Kxh4 Be7+ 69.
Kg3 Kg5 70. Bh3 h4+ 71. Kg2 Kf4 72. Bd7 Bc5 73. Bc6 Be7 74. Kh3 Kf5 75. Be4+ Kf4 76.
Bd5 Kf5 77. Bb7 Kf4 78. Kg2 Ke3 79. Bc6 Kf4 80. Bd7 Bc5 81. Bg4 Be7 82. Kf2 Bc5+ 83. Kg2 Be7 84. Bd7 1/2-1/2

[Event "Early-Titled-Tuesday-Blitz-September-26-2023"]
[Site "Chess.com"]
[Date "2023.09.26"]
[Round "4"]
[White "AttilaTurzo"]
[Black "CraiggoryC"]
[Result "1/2-1/2"]
[WhiteElo "2472"]
[BlackElo "2257"]
[TimeControl "180+1"]
[EndTime "8:41:25 PDT"]
[Termination "Game drawn by repetition"]

1. d4 e6 2. Bf4 Nf6 3. e3 b6 4. Nf3 Bb7 5. Nbd2 Be7 6. Bd3 Nh5 7.
O-O Nxf4 8. exf4 c5 9. c3 Nc6 10. Qe2 cxd4 11. Nxd4 Nxd4 12. cxd4 O-O 13. f5 Bf6 14. Qe3 Rc8 15. Rac1 Rc7 16. Ne4 Bxe4 17. Qxe4 d5 18. Qg4 Re8 19. fxe6 Rxe6 20. Rxc7 Qxc7 21. Qf5 g6 22. Qxd5 Rd6 23. Qf3 Kg7 24. b3 Rxd4 25.
Bc4 Rd2 26. a4 a5 27. Qe3 Qd6 28. g3 Rd1 29. Rxd1 Qxd1+ 30. Kg2 Qd6 31. Qe4 Qc5 32. Qb7 Qe7 33. Qxb6 Bc3 34. Qc6 Bb4 35. Qd5 Bc5 36. h4 h5 37. Qf3 Bb4 38. Qc6 Bc5 39. Bb5 Bb4 40. Qd7 Qxd7 41. Bxd7 Kf6 42. Kf3 Ke7 43.
Bb5 Kd6 44. Ke4 f5+ 45. Kf4 Ke7 46. Kg5 Kf7 47. Kf4 Kf6 48. Bc4 Bd2+ 49. Kf3 Bb4 50. Ke2 Bc5 51. f3 Ke5 52. Bf7 Kf6 53. Be8 Bb4 54.
Kd3 Be1 55. g4 Bxh4 56. gxh5 gxh5 57. Bxh5 Be1 58. Be8 Bb4 59. Bd7 Ke5 60. Kc4 Kf4 61. Bc6 Ke5 62. Kb5 Kf4 63. Kb6 Ke5 64. Kc7 f4 65. Kd7 Kd4 66. Ke6 Ke3 67. Kf5 Bd2 68.
Bd5 Bb4 69. Be4 Bd2 70. Ke5 Bb4 71. Kd5 Bd2 72. Kc4 Bb4 73. Kb5 Bd2 74. Kc4 Bb4 75. Kb5 Bd2 76. Kc6 Bb4 77. Kd7 Bd2 78. Ke6 Bb4 79. Kf5 Bd2 80. Kg4 Bb4 81. Bd5 Bd2 82. Bc4 Bb4 83. Bg8 Bd2 84. Bc4 Bb4 85. Bg8 Bd2 86. Bc4 1/2-1/2

[Event "Early-Titled-Tuesday-Blitz-September-26-2023"]
[Site "Chess.com"]
[Date "2023.09.26"]
[Round "4"]
[White "LileKoridze"]
[Black "GG91"]
[Result "1-0"]
[WhiteElo "2368"]
[BlackElo "2140"]
[TimeControl "180+1"]
[EndTime "8:41:29 PDT"]
[Termination "LileKoridze won by resignation"]

1. d4 d6 2. Nf3 g6 3. c4 Bg7 4. Nc3 f5 5. e4 Nf6 6. exf5 Bxf5 7. Bd3 Bxd3 8. Qxd3 O-O 9. O-O Nc6 10. a3 e5 11. dxe5 dxe5 12. Qe2 Nd4 13. Nxd4 exd4 14. Rd1 c5 15. Bg5 Qe8 16. Qxe8 Raxe8 17. Nb5 Ne4 18. Bh4 a6 19. Nc7 Rc8 20. Nd5 Rce8 21. Re1 g5 22. f3 gxh4 23. fxe4 d3 24. Rad1 Bxb2 25. Rxd3 Bxa3 26. Rxa3 Rf7 27. Rf3 Kg7 28. Ref1 Rxf3 29. gxf3 b5 30. cxb5 axb5 31. Rb1 Rb8 32. Rc1 Rc8 33. Nc3 b4 34. Na4 c4 35. Kf2 c3 36.
Ke3 Rd8 37. Nxc3 bxc3 38. Rxc3 Kf6 39. Rc6+ Ke7 40. Rh6 Rh8 41. Rxh4 h5 42. f4 Kf6 43. Rh3 Kg6 44. Rg3+ Kf6 45. Rg5 h4 46. Ra5 Rb8 47. Ra6+ Kf7 48. Rh6 Rb3+ 49. Kd4 Rh3 50. e5 Rxh2 51.
e6+ Ke7 52. f5 h3 53. Ke3 Rh1 54. Kf2 h2 55. Kg2 Rc1 56. Kxh2 Rf1 57. Rh5 Kf6 58. Kg2 Rf4 59. Kg3 Rb4 60. Kf3 Ra4 61. Ke3 Rb4 62.
Kd3 Rg4 63. Kc3 Rf4 64. Kb3 Rg4 65. Kc3 Rf4 66. Rh8 Rg4 67. Rf8+ Ke7 68. Rf7+ Ke8 69. Kd3 Ra4 70. Ke3 Rb4 71. Kf3 Rc4 72. f6 Rc6 73. Re7+ Kf8 74. Kf4 Rc5 75. Ke4 Rb5 76. Ra7 Kg8 77. Ra8+ Kh7 78. e7 Rb4+ 79. Ke5 1-0

[Event "Early-Titled-Tuesday-Blitz-September-26-2023"]
[Site "Chess.com"]
[Date "2023.09.26"]
[Round "4"]
[White "Rap_woyska"]
[Black "carokannlover213"]
[Result "0-1"]
[WhiteElo "2515"]
[BlackElo "2698"]
[TimeControl "180+1"]
[EndTime "8:41:34 PDT"]
[Termination "carokannlover213 won by resignation"]

1. c4 g6 2. Nc3 Bg7 3. Nf3 d6 4.
d4 Nd7 5. g3 e5 6. Bg2 Ne7 7. O-O O-O 8. e4 Re8 9. Re1 exd4 10. Nxd4 Ne5 11. b3 Bg4 12. Qc2 Nxc4 13. Nce2 Bxe2 14. Nxe2 Bxa1 15. Qxc4 Nc6 16. h4 Bf6 17. h5 Bg5 18. Bb2 Bf6 19. Bc1 a6 20.
Nf4 Ne5 21. Qc2 c6 22. Rd1 Qc7 23. Ba3 Rad8 24. Qe2 b5 25. Qc2 Bg7 26. Bc1 Rc8 27. Bh3 Rcd8 28. h6 Bh8 29. Kg2 Qb7 30. Be3 d5 31. exd5 cxd5 32. Bd4 Nc6 33. Bxh8 Kxh8 34.
Nxd5 Nd4 35. Rxd4 Rxd5 36. Rxd5 Qxd5+ 37. Kh2 Qd4 38. Bg2 Qf6 39. Qc7 g5 40. Qd7 Qxh6+ 41. Kg1 Qe6 42. Qc7 Kg7 43. Qc3+ Qe5 44. Qc6 Qe1+ 45.
Bf1 Qe6 46. Qc5 Qe5 47. Qc6 Re6 48. Qc1 Rf6 49. Qd2 h6 50. Bg2 Qd6 51. Qc2 Qb6 52.
Bf1 a5 53. Qd2 b4 54. Qc2 Qd6 55. Bc4 Qe5 56. Qd2 Qa1+ 57. Kg2 Qc3 58. Qe2 Qd4 59. Qc2 Qd6 60. Kg1 Qc6 61. Qe2 Qc5 62. Qd2 Qf5 63. Qe2 g4 64. Qd2 Qg5 65. Qe2 h5 66. Kg2 h4 67. gxh4 Qxh4 68. Qe3 Qh3+ 69. Qxh3 gxh3+ 70. Kg3 h2 71. Bd5 Rd6 72. Be4 Rd2 73. Kxh2 Rxf2+ 74. Kg3 Rxa2 0-1

[Event "Early-Titled-Tuesday-Blitz-September-26-2023"]
[Site "Chess.com"]
[Date "2023.09.26"]
[Round "4"]
[White "MokshanovAlexey"]
[Black "Zhigalko_Sergei"]
[Result "0-1"]
[WhiteElo "2670"]
[BlackElo "2840"]
[TimeControl "180+1"]
[EndTime "8:41:40 PDT"]
[Termination "Zhigalko_Sergei won by resignation"]

1. e4 c5 2. Nf3 Nc6 3. Bb5 Nf6 4.
Bxc6 dxc6 5. Nc3 Bg4 6. h3 Bh5 7. d3 Qc7 8. Be3 Nd7 9. g4 Bg6 10. Qd2 e5 11. Nh4 O-O-O 12. O-O-O f6 13. Nxg6 hxg6 14.
h4 Bd6 15. h5 g5 16. Ne2 Nf8 17. Ng3 Ne6 18. Nf5 Rd7 19. Kb1 Rhd8 20. Qc3 Bf8 21. Qb3 Re8 22. f3 b5 23. a4 a6 24. axb5 cxb5 25. c4 Qc6 26. Kc2 Red8 27. Rd2 Kb7 28. Ra1 Rc7 29. Ra5 Qb6 30. Qa2 Nd4+ 31. Bxd4 cxd4 32.
b3 Bb4 33. Ra3 a5 34. Kd1 Ra8 35. Rc2 a4 36. bxa4 Bxa3 37. Qxa3 Rxa4 38. Qf8 bxc4 39.
Nd6+ Ka7 40. Nxc4 Qb1+ 41. Kd2 Ra2 42. Rxa2+ Qxa2+ 43. Kd1 Qb1+ 44. Kd2 Qa2+ 45. Kd1 Qb3+ 46. Kd2 Qc3+ 47. Ke2 Rxc4 48. dxc4 Qxc4+ 49. Kf2 Qc2+ 50. Kg3 Qc7 51. Qb4 Qd7 52. Qc5+ Kb7 53. Qb4+ Kc7 54. Qc5+ Kb8 55. Qb4+ Kc8 56. Qc5+ Kb7 57. Qb4+ Ka6 58.
Qa3+ Kb5 59. Qb3+ Ka5 60. Qa3+ Qa4 61. Qc5+ Qb5 62. Qa3+ Kb6 63. Qd6+ Qc6 64. Qb4+ Ka6 65. Qa3+ Kb7 66. Qb4+ Ka7 67. Qa3+ Kb6 68. Qb4+ Qb5 69.
Qd6+ Ka5 70. Qa3+ Qa4 71. Qc5+ Ka6 72. Qd6+ Kb5 73. Qd7+ Kb4 74. Qxg7 d3 75. Qf8+ Kc3 76. Qd8 d2 77. h6 Qd4 78. Qxd4+ Kxd4 79. h7 d1=Q 80.
Kg2 Qe2+ 81. Kg3 Qe1+ 82. Kg2 Qh4 0-1